 Dungeon Crawl Stone Soup version 0.22-a0-587-g7d32d7c7ae (webtiles) character file.

237 Hibernaculum the Skirmisher (level 5, 0/42 HPs)
             Began as a Demonspawn Monk on July 4, 2018.
             Slain by an orc
             ... wielding a +0 trident
              (6 damage)
             ... on level 3 of the Dungeon.
             The game lasted 00:06:04 (4282 turns).

Hibernaculum the Skirmisher (Demonspawn Monk)       Turns: 4282, Time: 00:06:04

Health: 0/42       AC:  6    Str: 12    XL:     5   Next: 77%
Magic:  5/5        EV: 12    Int: 12    God:
Gold:   164        SH:  0    Dex: 19    Spells: 4/4 levels left

rFire    . . .     SeeInvis .   a - +0 trident
rCold    . . .     Gourm    .   (no shield)
rNeg     . . .     Faith    .   j - +0 ring mail (curse)
rPois    .         Spirit   .   k - +0 helmet
rElec    .         Reflect  .   (no cloak)
rCorr    +         Harm     .   (no gloves)
MR       .....                  (no boots)
Stlth    +++.......             (no amulet)
HPRegen  0.14/turn              n - ring of resist corrosion
MPRegen  0.09/turn              (no ring)

@: no status effects
A: thin skeletal structure 2, demonic guardian 1
a: no special abilities


You were on level 3 of the Dungeon.
You were very hungry.

You visited 1 branch of the dungeon, and saw 4 of its levels.

You collected 164 gold pieces.

Inventory:

Hand Weapons
 a - a +0 trident (weapon)
 c - a +0 club
 g - a +0 short sword
 h - a +2 whip of holy wrath
Armour
 j - a cursed +0 ring mail (worn)
 k - a +0 helmet (worn)
Jewellery
 n - a ring of resist corrosion (left hand)
Scrolls
 i - a scroll of teleportation {unknown}
 l - 3 scrolls of identify {unknown}
Potions
 d - a potion of resistance {unknown}
 e - 2 potions of flight {unknown}
 f - a potion of brilliance {unknown}
 o - a potion of agility {unknown}
Comestibles
 m - 3 rations


   Skills:
 - Level 4.0 Fighting
 + Level 4.0 Maces & Flails
 - Level 1.8 Armour
 - Level 2.6 Dodging
 - Level 1.7 Stealth
 - Level 2.6 Unarmed Combat


You had 4 spell levels left.
You didn't know any spells.
Your spell library was empty.

Dungeon Overview and Level Annotations

Branches:
Dungeon (4/15)
 Temple: D:4-7

Altars:

Annotations:
D:2 exclusion: downstairs


Innate Abilities, Weirdness & Mutations

You have a moderately thin skeletal structure. (Dex +4, Stealth+)
A weak demonic guardian rushes to your aid.


Message History

The orc closely misses you.
You hit the orc.
The orc is moderately wounded.
The orc hits you with a trident!
* * * LOW HITPOINT WARNING * * *
You hit the orc.
The orc is almost dead.
The orc hits you but does no damage.
You hit the orc but do no damage.
The orc is almost dead.
The orc hits you but does no damage. The orc hits you with a trident.
* * * LOW HITPOINT WARNING * * *
Your ring mail prevents you from hitting the orc.
The orc is almost dead.
The orc hits you with a trident.
* * * LOW HITPOINT WARNING * * *
You hit the orc but do no damage.
The orc is almost dead.
The orc hits you with a trident.
You die...

.# #...........##.# .#
###########.##.# .#
#.##.# .# #.##.# ##
#.##.## #####.#...#####
oo.#.#.#.....#
#{#o#...###.# ### #
##..#@#### #.# ..#
#....###.# #.# #.# #.##.
## #.# #.# ##.##. #.# #.#
..... #.#
#.#######.#.###########.#
#........###............#
#########.#.###########.#
##.## #.#


You could see an orc.

Vanquished Creatures
  Sigmund (D:3)
  3 adders (D:2)
  An ooze (D:1)
  A worm (D:2)
  2 dart slugs
  An orc (D:3)
  2 giant cockroaches (D:2)
  7 goblins
  7 hobgoblins
  3 jackals (D:3)
  A quokka (D:3)
  A ball python (D:1)
  5 bats
  5 frilled lizards
  14 kobolds
  7 rats
61 creatures vanquished.

Notes
Turn   | Place    | Note
-------+----------+-------------------------------------------
     0 | D:1      | Hibernaculum the Demonspawn Monk began the quest for the Orb.
     0 | D:1      | Reached XP level 1. HP: 18/18 MP: 1/1
   416 | D:1      | Gained mutation: A weak demonic guardian rushes to your aid. [demonic ancestry]
   416 | D:1      | Reached XP level 2. HP: 24/24 MP: 2/2
  1331 | D:2      | Reached skill level 1 in Armour
  1331 | D:2      | Gained mutation: You have a somewhat thin skeletal structure. (Dex +2, Stealth) [demonic ancestry]
  1331 | D:2      | Reached XP level 3. HP: 26/30 MP: 3/3
  1803 | D:2      | Reached skill level 1 in Maces & Flails
  2194 | D:2      | Gained mutation: You have a moderately thin skeletal structure. (Dex +4, Stealth+) [demonic ancestry]
  2194 | D:2      | Reached XP level 4. HP: 33/37 MP: 4/4
  2736 | D:3      | You fall through a shaft!
  3181 | D:3      | Noticed Sigmund
  3898 | D:3      | Killed Sigmund
  3898 | D:3      | Reached XP level 5. HP: 20/42 MP: 5/5
  4282 | D:3      | Slain by an orc

Vault maps used:
D:1:      dpeg_arrival_round_c
D:2:      minmay_misc_feat_chi
D:3:      minmay_wonky_spiral, first_ration, kennysheep_cross_bottleneck,
          uniq_sigmund
D:4:      minmay_small_thing

Skill      XL: |  1  2  3  4  5 |
---------------+----------------+-----
Fighting       | 4 |  4.0
Armour         | 1 |  1.8
Maces & Flails | 1 3 4 |  4.0
Dodging        | |  2.6
Stealth        | |  1.7
Unarmed Combat | |  2.6

Action                   |  1- 3 |  4- 6 || total
-------------------------+-------+-------++-------
Melee: Dagger            |    66 |       ||    66
       Unarmed           |     9 |       ||     9
       Short sword       |    57 |       ||    57
       Trident           |    27 |   113 ||   140
       Punch             |       |     1 ||     1
  Use: Potion            |       |     1 ||     1
 Stab: Sleeping          |     4 |     5 ||     9
  Eat: Chunk             |     2 |     1 ||     3
       Ration            |     1 |     1 ||     2
Armor: Robe              |    19 |       ||    19
       Ring mail         |    46 |    38 ||    84
Dodge: Dodged            |   127 |    65 ||   192

Table legend:
 A = Spawn XP
 B = Non-spawn XP
 C = Spawn XP percentage of total XP
 D = Spawn monster count
 E = Non-spawn monster count
 F = Spawn count percentage of total count
 G = Total turns spent on level
                    A         B        C        D         E        F      G
               +---------+---------+-------+---------+---------+-------+---------
         Total |       0 |     339 |   0.0 |       0 |      61 |   0.0 |  4282
               +---------+---------+-------+---------+---------+-------+---------
           D:1 |       0 |      40 |   0.0 |       0 |      25 |   0.0 |  1323
           D:2 |       0 |      87 |   0.0 |       0 |      26 |   0.0 |  1799
           D:3 |       0 |     212 |   0.0 |       0 |      10 |   0.0 |  1128
               +---------+---------+-------+---------+---------+-------+---------
